General information
- name: BNet
- type: Ladder team game (AT/RT)
- host: Battle.net
- saver: FINeX
map: HurricaneIsle
- players: 8
- length: 126:14
- speed: Fast
- version: 1.21 W3XP
- replay type: Public
» download(836 KB)
Players
team 1 (loser)
ayn-m00k (
teal | 75 APM | 9443 actions | 126:02)
9 Dreadlord
3 Sleep
3 Vampiric Aura
1 Inferno
2 Carrion Swarm
9 Pandaren Brewmaster
3 Breath of Fire
3 Drunken Haze
1 Storm Earth and Fire
2 Drunken Brawler
8 Naga Sea Witch
3 Forked Lightning
3 Frost Arrows
1 Tornado
1 Mana Shield
» actions
| Assign group hotkey | 121 | |
| Basic commands | 729 | |
| Build / train | 193 | |
| ESC pressed | 15 | |
| Enter build submenu | 55 | |
| Enter hero's abilities submenu | 27 | |
| Give item / drop item | 22 | |
| Right click | 3350 | |
| Select / deselect | 1864 | |
| Select group hotkey | 2536 | |
| Use ability | 531 | |
9443 total
» units
| Acolyte | 24 | |
| Ghoul | 16 | |
| Goblin Zeppelin | 13 | |
| Gargoyle | 10 | |
| Crypt Fiend | 13 | |
| Meatwagon | 1 | |
| Obsidian Statue | 2 | |
| Abomination | 3 | |
| Wind Rider | 1 | |
| Troll Batrider | 10 | |
| Peon | 1 | |
94 total
» upgrades
| Creature Attack | 3 | |
| Ghoul Frenzy | 1 | |
| Stone Form | 1 | |
| Creature Carapace | 2 | |
| Web | 1 | |
| Burrow | 1 | |
| Cannibalize | 1 | |
| Unholy Strength | 1 | |
| Unholy Armor | 2 | |
| Destroyer Form | 1 | |
| Liquid Fire | 1 | |
| Envenomed Spears | 1 | |
16 total
» buildings
| Crypt | 10 | |
| Altar of Darkness | 2 | |
| Ziggurat | 18 | |
| Halls of the Dead | 2 | |
| Necropolis | 7 | |
| Graveyard | 1 | |
| Black Citadel | 2 | |
| Tomb of Relics | 2 | |
| Spirit Tower | 6 | |
| Nerubian Tower | 2 | |
| Sacrificial Pit | 1 | |
| Slaughterhouse | 3 | |
| Beastiary | 5 | |
| Stronghold | 1 | |
| Orc Burrow | 1 | |
63 total
» build order
00:11 Crypt
00:41 Altar of Darkness
00:55 Ziggurat
01:50 Ziggurat
02:41 Ziggurat
03:37 Halls of the Dead
05:01 Necropolis
05:14 Graveyard
06:16 Crypt
06:17 Crypt
06:59 Ziggurat
07:01 Ziggurat
07:02 Ziggurat
07:07 Black Citadel
09:44 Crypt
09:45 Crypt
10:01 Tomb of Relics
10:21 Necropolis
11:36 Ziggurat
12:42 Ziggurat
12:44 Ziggurat
13:52 Spirit Tower
13:52 Spirit Tower
14:24 Ziggurat
14:27 Ziggurat
15:19 Nerubian Tower
15:20 Ziggurat
15:21 Tomb of Relics
18:45 Nerubian Tower
20:33 Ziggurat
21:24 Necropolis
23:29 Sacrificial Pit
24:19 Slaughterhouse
24:20 Slaughterhouse
24:21 Slaughterhouse
35:41 Necropolis
37:42 Ziggurat
37:43 Ziggurat
37:44 Ziggurat
37:45 Ziggurat
37:46 Ziggurat
37:48 Crypt
37:49 Crypt
37:50 Crypt
37:50 Crypt
38:38 Spirit Tower
38:39 Spirit Tower
38:40 Spirit Tower
38:41 Spirit Tower
39:25 Crypt
44:53 Halls of the Dead
47:17 Black Citadel
64:53 Necropolis
64:54 Necropolis
71:22 Beastiary
71:23 Beastiary
71:24 Beastiary
71:29 Beastiary
71:30 Beastiary
71:31 Stronghold
81:56 Necropolis
90:25 Altar of Darkness
124:50 Orc Burrow
» items
| Scroll of Town Portal | 12 | |
| Lesser Clarity Potion | 1 | |
| Scroll of Healing | 9 | |
| Orb of Corruption | 3 | |
| Potion of Healing | 5 | |
| Potion of Mana | 2 | |
| Potion of Lesser Invulnerability | 2 | |
| Boots of Speed | 2 | |
| Potion of Invisibility | 1 | |
| Staff of Teleportation | 2 | |
39 total
GayTiMe.WeRRa (
pink | 15 APM | 827 actions | 54:33)
» actions
| Assign group hotkey | 2 | |
| Basic commands | 1 | |
| Build / train | 49 | |
| Enter build submenu | 47 | |
| Right click | 206 | |
| Select / deselect | 432 | |
| Select group hotkey | 22 | |
| Use ability | 68 | |
827 total
» units
| Peon | 19 | |
| Goblin Shredder | 2 | |
| Troll Batrider | 21 | |
| Goblin Zeppelin | 4 | |
46 total
» upgrades
» buildings
| War Mill | 2 | |
| Stronghold | 1 | |
| Voodoo Lounge | 2 | |
| Orc Burrow | 4 | |
| Watch Tower | 30 | |
| Altar of Storms | 1 | |
| Great Hall | 3 | |
| Beastiary | 3 | |
| Fortress | 1 | |
47 total
» build order
02:12 War Mill
08:26 Stronghold
08:32 Voodoo Lounge
08:39 Orc Burrow
09:57 War Mill
10:15 Watch Tower
10:18 Watch Tower
10:24 Watch Tower
10:37 Watch Tower
10:40 Watch Tower
10:43 Watch Tower
11:54 Watch Tower
12:05 Altar of Storms
12:50 Great Hall
12:57 Watch Tower
12:59 Watch Tower
13:24 Watch Tower
13:27 Watch Tower
16:04 Beastiary
16:07 Beastiary
16:07 Beastiary
16:29 Orc Burrow
16:32 Watch Tower
20:36 Orc Burrow
22:17 Orc Burrow
22:18 Fortress
22:25 Watch Tower
27:49 Great Hall
27:50 Watch Tower
27:52 Watch Tower
27:54 Watch Tower
29:24 Watch Tower
29:26 Watch Tower
29:28 Watch Tower
29:30 Voodoo Lounge
29:32 Watch Tower
29:34 Watch Tower
29:36 Watch Tower
30:24 Watch Tower
30:26 Watch Tower
30:29 Watch Tower
30:31 Watch Tower
31:30 Watch Tower
31:32 Watch Tower
31:48 Great Hall
35:16 Watch Tower
35:17 Watch Tower
PURE- (
yellow | 105 APM | 12361 actions | 117:57)
10 Far Seer
3 Feral Spirit
3 Chain Lighting
1 Earth Quake
3 Far Sight
9 Shadow Hunter
3 Healing Wave
3 Hex
1 Big Bad Voodoo
2 Serpent Ward
9 Blademaster
3 Wind Walk
3 Mirror Image
1 Bladestorm
2 Critical Strike
» actions
| Assign group hotkey | 157 | |
| Basic commands | 434 | |
| Build / train | 183 | |
| Enter build submenu | 116 | |
| Enter hero's abilities submenu | 32 | |
| Give item / drop item | 9 | |
| Right click | 4378 | |
| Select / deselect | 2434 | |
| Select group hotkey | 3881 | |
| Use ability | 736 | |
12361 total
» units
| Peon | 20 | |
| Wind Rider | 13 | |
| Raider | 7 | |
| Goblin Shredder | 1 | |
| Goblin Zeppelin | 10 | |
| Troll Batrider | 10 | |
| Goblin Sapper | 4 | |
| Shaman | 4 | |
| Troll Witch Doctor | 4 | |
| Spirit Walker | 4 | |
| Troll Headhunter/Berserker | 15 | |
| Kodo Beast | 1 | |
93 total
» upgrades
| Ranged Weapons | 3 | |
| Reinforced Defenses | 1 | |
| Armor | 3 | |
| Envenomed Spears | 1 | |
| Ensnare | 1 | |
| War Drums Damage Increase | 1 | |
| Melee Weapons | 1 | |
| Witch Doctor Training | 2 | |
| Shaman Training | 2 | |
| Spirit Walker Training | 2 | |
| Berserker Upgrade | 1 | |
18 total
» buildings
| Altar of Storms | 2 | |
| Stronghold | 1 | |
| Orc Burrow | 12 | |
| Beastiary | 5 | |
| War Mill | 1 | |
| Voodoo Lounge | 1 | |
| Fortress | 2 | |
| Great Hall | 4 | |
| Watch Tower | 86 | |
| Spirit Lodge | 1 | |
| Barracks | 1 | |
116 total
» build order
00:10 Altar of Storms
00:35 Stronghold
00:41 Orc Burrow
01:29 Orc Burrow
02:06 Orc Burrow
02:57 Beastiary
03:01 Beastiary
03:13 Beastiary
03:18 Beastiary
03:26 Beastiary
03:45 Orc Burrow
04:14 Orc Burrow
04:28 War Mill
04:40 Orc Burrow
04:55 Voodoo Lounge
04:59 Fortress
04:59 Fortress
06:00 Orc Burrow
06:19 Orc Burrow
09:11 Great Hall
10:10 Great Hall
11:03 Watch Tower
12:06 Watch Tower
12:22 Watch Tower
13:10 Watch Tower
13:28 Watch Tower
13:29 Watch Tower
13:36 Watch Tower
13:37 Watch Tower
14:31 Watch Tower
14:57 Watch Tower
15:15 Watch Tower
15:48 Watch Tower
15:49 Watch Tower
15:52 Watch Tower
16:36 Watch Tower
16:56 Watch Tower
16:57 Watch Tower
17:24 Watch Tower
17:47 Watch Tower
17:48 Watch Tower
17:49 Watch Tower
18:28 Watch Tower
18:29 Watch Tower
18:54 Watch Tower
19:14 Watch Tower
19:16 Watch Tower
19:35 Watch Tower
19:37 Watch Tower
20:45 Watch Tower
20:46 Watch Tower
20:46 Watch Tower
22:02 Watch Tower
22:04 Watch Tower
22:05 Watch Tower
23:22 Watch Tower
23:23 Watch Tower
23:56 Great Hall
23:57 Watch Tower
24:18 Spirit Lodge
24:59 Watch Tower
25:01 Watch Tower
26:29 Watch Tower
26:46 Watch Tower
27:16 Watch Tower
27:50 Watch Tower
28:10 Watch Tower
28:11 Watch Tower
28:13 Watch Tower
28:13 Watch Tower
28:14 Watch Tower
28:40 Watch Tower
29:26 Watch Tower
29:43 Watch Tower
29:44 Watch Tower
35:48 Watch Tower
35:48 Watch Tower
35:49 Watch Tower
36:48 Watch Tower
36:49 Watch Tower
36:50 Watch Tower
36:50 Watch Tower
36:51 Watch Tower
37:42 Watch Tower
37:43 Watch Tower
37:45 Watch Tower
37:47 Watch Tower
37:48 Watch Tower
37:48 Watch Tower
38:03 Watch Tower
38:04 Watch Tower
38:15 Watch Tower
38:18 Great Hall
38:47 Watch Tower
38:58 Watch Tower
39:00 Watch Tower
39:08 Watch Tower
39:09 Watch Tower
39:37 Watch Tower
39:39 Watch Tower
39:52 Watch Tower
40:01 Watch Tower
40:03 Watch Tower
40:12 Watch Tower
40:13 Watch Tower
40:14 Watch Tower
41:03 Watch Tower
41:05 Watch Tower
41:05 Watch Tower
41:58 Watch Tower
53:44 Barracks
100:27 Orc Burrow
100:30 Orc Burrow
101:23 Orc Burrow
102:18 Orc Burrow
105:59 Altar of Storms
» items
| Orb of Lightning | 2 | |
| Scroll of Town Portal | 9 | |
| Potion of Healing | 4 | |
| Healing Salve | 2 | |
| Potion of Mana | 2 | |
| Lesser Clarity Potion | 4 | |
| Scroll of Protection | 1 | |
| Scroll of Healing | 2 | |
| Potion of Lesser Invulnerability | 1 | |
27 total
WarFreakz (
red | 16 APM | 2022 actions | 126:11)
8 Blademaster
3 Wind Walk
3 Critical Strike
1 Bladestorm
1 Mirror Image
» actions
| Assign group hotkey | 17 | |
| Build / train | 106 | |
| Enter build submenu | 18 | |
| Enter hero's abilities submenu | 8 | |
| Give item / drop item | 2 | |
| Right click | 1153 | |
| Select / deselect | 531 | |
| Select group hotkey | 21 | |
| Use ability | 165 | |
2022 total
» units
| Peon | 14 | |
| Goblin Shredder | 1 | |
| Goblin Zeppelin | 6 | |
| Troll Batrider | 43 | |
64 total
» upgrades
| Liquid Fire | 1 | |
| Ranged Weapons | 5 | |
| Reinforced Defenses | 1 | |
| Spiked Barricades | 2 | |
| Armor | 4 | |
13 total
» buildings
| Altar of Storms | 1 | |
| Orc Burrow | 7 | |
| Voodoo Lounge | 1 | |
| Stronghold | 1 | |
| Fortress | 1 | |
| Beastiary | 3 | |
| War Mill | 1 | |
| Great Hall | 1 | |
| Watch Tower | 2 | |
18 total
» build order
00:19 Altar of Storms
00:25 Orc Burrow
01:35 Voodoo Lounge
04:25 Stronghold
05:24 Orc Burrow
07:14 Fortress
08:00 Beastiary
08:04 Beastiary
08:08 Beastiary
08:17 Orc Burrow
08:19 Orc Burrow
08:22 Orc Burrow
08:40 War Mill
13:53 Great Hall
14:19 Orc Burrow
14:22 Orc Burrow
18:21 Watch Tower
19:31 Watch Tower
» items
| Healing Salve | 1 | |
| Lesser Clarity Potion | 3 | |
| Potion of Healing | 8 | |
| Potion of Mana | 3 | |
| Orb of Lightning | 1 | |
| Scroll of Town Portal | 2 | |
18 total
team 2 (winner)
FINeX (
orange | 50 APM | 6257 actions | 126:14)
10 Warden
3 Shadow Strike
3 Blink
1 Spirit of Vengeance
3 Fan of Knives
6 Priestess of the Moon
3 Searing Arrows
2 Trueshot Aura
1 Starfall
5 Pandaren Brewmaster
3 Breath of Fire
2 Drunken Brawler
» actions
| Assign group hotkey | 770 | |
| Basic commands | 11 | |
| Build / train | 140 | |
| ESC pressed | 1 | |
| Enter build submenu | 27 | |
| Enter hero's abilities submenu | 22 | |
| Give item / drop item | 12 | |
| Remove unit from queue | 8 | |
| Right click | 3047 | |
| Select / deselect | 919 | |
| Select group hotkey | 946 | |
| Use ability | 352 | |
6257 total
» units
| Wisp | 16 | |
| Archer | 26 | |
| Goblin Shredder | 1 | |
| Hippogryph | 24 | |
| Goblin Zeppelin | 2 | |
| Chimaera | 1 | |
70 total
» upgrades
| Strength of the Moon | 3 | |
| Improved Bows | 1 | |
| Strength of the Wild | 2 | |
| Hippogryph Taming | 1 | |
| Marksmanship | 1 | |
| Well Spring | 1 | |
| Moon Armor | 3 | |
| Ultravision | 1 | |
| Corrosive Breath | 1 | |
14 total
» buildings
| Altar of Elders | 1 | |
| Moon Well | 6 | |
| Ancient of War | 1 | |
| Hunter's Hall | 1 | |
| Tree of Ages | 1 | |
| Ancient Protector | 7 | |
| Ancient of Wind | 1 | |
| Tree of Eternity | 1 | |
| Ancient of Wonders | 1 | |
| Tree of Life | 1 | |
| Chimaera Roost | 2 | |
23 total
» build order
00:08 Altar of Elders
00:09 Moon Well
00:36 Ancient of War
02:05 Hunter's Hall
02:21 Moon Well
02:59 Tree of Ages
03:24 Ancient Protector
03:54 Moon Well
04:52 Ancient Protector
05:30 Ancient of Wind
06:21 Ancient Protector
07:12 Tree of Eternity
07:17 Ancient of Wonders
07:44 Moon Well
08:51 Tree of Life
08:59 Ancient Protector
09:00 Ancient Protector
09:12 Ancient Protector
10:50 Ancient Protector
11:09 Moon Well
18:12 Moon Well
43:35 Chimaera Roost
43:36 Chimaera Roost
» items
| Orb of Venom | 2 | |
| Potion of Healing | 1 | |
| Staff of Teleportation | 3 | |
| The Lion Horn of Stormwind | 1 | |
| Scroll of Town Portal | 5 | |
| Scroll of Healing | 5 | |
| Hood of Cunning | 1 | |
| Dust of Appearance | 2 | |
| Potion of Lesser Invulnerability | 1 | |
| Periapt of Vitality | 1 | |
22 total
GOKUMaN69 (
blue | 46 APM | 5831 actions | 126:11)
7 Archmage
3 Summon Water Elemental
3 Brilliance Aura
1 Mass Teleport
8 Mountain King
3 Storm Bolt
3 Thunder Clap
1 Avatar
1 Bash
7 Paladin
3 Divine Shield
3 Holy Light
1 Devotion Aura
» actions
| Assign group hotkey | 15 | |
| Basic commands | 10 | |
| Build / train | 208 | |
| Enter build submenu | 107 | |
| Enter hero's abilities submenu | 22 | |
| Give item / drop item | 11 | |
| Remove unit from queue | 7 | |
| Right click | 2731 | |
| Select / deselect | 1734 | |
| Select group hotkey | 415 | |
| Use ability | 570 | |
5831 total
» units
| Peasant | 17 | |
| Footman | 3 | |
| Goblin Shredder | 3 | |
| Goblin Zeppelin | 11 | |
| Flying Machine | 5 | |
| Dragonhawk Rider | 1 | |
| Gryphon Rider | 20 | |
60 total
» upgrades
| Masonry | 3 | |
| Lumber Harvesting | 2 | |
| Flak Cannons | 1 | |
| Flying Machine Bombs | 0 | |
| Armor | 3 | |
| Swords | 3 | |
| Animal War Training | 1 | |
| Gunpowder | 0 | |
| Plating | 0 | |
| Cloud | 1 | |
| Storm Hammers | 1 | |
| Magic Sentry | 1 | |
16 total
» buildings
| Altar of Kings | 1 | |
| Farm | 13 | |
| Barracks | 1 | |
| Scout Tower | 77 | |
| Lumber Mill | 1 | |
| Arcane Tower | 9 | |
| Guard Tower | 57 | |
| Keep | 1 | |
| Town Hall | 3 | |
| Castle | 3 | |
| Blacksmith | 1 | |
| Workshop | 1 | |
| Gryphon Aviary | 2 | |
| Arcane Sanctum | 1 | |
| Arcane Vault | 1 | |
172 total
» build order
00:09 Altar of Kings
00:30 Farm
00:42 Barracks
01:11 Farm
01:46 Farm
01:59 Scout Tower
02:04 Scout Tower
02:11 Lumber Mill
02:33 Arcane Tower
02:33 Arcane Tower
02:55 Arcane Tower
02:55 Arcane Tower
03:37 Scout Tower
03:38 Scout Tower
03:39 Scout Tower
03:39 Scout Tower
04:14 Scout Tower
04:20 Guard Tower
04:21 Guard Tower
04:55 Guard Tower
05:05 Scout Tower
05:16 Guard Tower
05:16 Guard Tower
05:19 Scout Tower
05:29 Scout Tower
05:32 Scout Tower
05:36 Scout Tower
05:44 Scout Tower
05:54 Guard Tower
05:54 Guard Tower
05:54 Guard Tower
06:11 Guard Tower
06:12 Guard Tower
06:20 Keep
06:21 Guard Tower
06:21 Guard Tower
06:32 Guard Tower
06:32 Guard Tower
06:48 Guard Tower
06:48 Guard Tower
07:06 Guard Tower
07:06 Guard Tower
07:10 Scout Tower
07:11 Scout Tower
07:12 Scout Tower
07:13 Guard Tower
07:13 Guard Tower
07:13 Guard Tower
07:31 Town Hall
07:44 Guard Tower
07:46 Scout Tower
07:47 Scout Tower
07:47 Scout Tower
07:53 Scout Tower
07:53 Scout Tower
07:54 Scout Tower
08:11 Scout Tower
08:15 Scout Tower
08:16 Guard Tower
08:17 Scout Tower
08:18 Scout Tower
08:20 Scout Tower
08:24 Guard Tower
08:46 Scout Tower
08:47 Guard Tower
08:49 Scout Tower
08:50 Guard Tower
08:53 Scout Tower
08:54 Scout Tower
09:06 Farm
09:50 Guard Tower
09:50 Guard Tower
10:03 Guard Tower
10:04 Guard Tower
10:05 Scout Tower
10:22 Guard Tower
10:22 Guard Tower
10:22 Guard Tower
10:54 Guard Tower
11:08 Castle
11:08 Castle
11:08 Castle
11:29 Blacksmith
13:21 Workshop
14:09 Guard Tower
14:11 Scout Tower
15:55 Scout Tower
15:56 Scout Tower
16:16 Scout Tower
16:18 Scout Tower
16:20 Scout Tower
16:33 Gryphon Aviary
16:40 Gryphon Aviary
16:42 Guard Tower
16:43 Scout Tower
16:48 Arcane Sanctum
16:56 Guard Tower
16:57 Guard Tower
17:20 Guard Tower
17:53 Scout Tower
18:25 Arcane Vault
18:38 Farm
18:39 Guard Tower
18:40 Scout Tower
22:59 Guard Tower
22:59 Guard Tower
29:20 Scout Tower
29:21 Scout Tower
29:22 Scout Tower
29:22 Scout Tower
29:23 Scout Tower
29:24 Scout Tower
29:55 Guard Tower
30:14 Scout Tower
30:15 Scout Tower
30:16 Scout Tower
30:19 Scout Tower
30:20 Scout Tower
30:44 Guard Tower
30:45 Scout Tower
30:47 Scout Tower
31:52 Guard Tower
31:53 Scout Tower
31:54 Scout Tower
31:55 Scout Tower
32:01 Town Hall
32:34 Guard Tower
32:35 Scout Tower
32:35 Scout Tower
32:36 Scout Tower
33:16 Guard Tower
36:30 Scout Tower
36:31 Scout Tower
36:32 Scout Tower
36:33 Scout Tower
36:34 Scout Tower
36:35 Scout Tower
37:21 Scout Tower
37:24 Scout Tower
37:25 Scout Tower
37:26 Scout Tower
37:27 Scout Tower
40:04 Town Hall
40:18 Guard Tower
40:19 Scout Tower
40:22 Guard Tower
40:22 Guard Tower
40:22 Guard Tower
40:34 Scout Tower
40:35 Guard Tower
40:36 Guard Tower
44:46 Guard Tower
62:41 Farm
62:42 Farm
62:51 Farm
62:52 Farm
63:26 Farm
63:26 Farm
63:27 Farm
63:32 Farm
74:08 Arcane Tower
74:16 Scout Tower
74:17 Scout Tower
74:19 Scout Tower
74:22 Scout Tower
103:30 Arcane Tower
103:31 Arcane Tower
» items
| Scroll of Town Portal | 4 | |
| Potion of Lesser Invulnerability | 1 | |
| Scroll of Protection | 1 | |
| Staff of Sanctuary | 3 | |
| Orb of Lightning | 3 | |
| Staff of Teleportation | 1 | |
| Mechanical Critter | 2 | |
15 total
Iceberg-Slim (
purple | 71 APM | 8908 actions | 126:11)
9 Blademaster
3 Wind Walk
3 Critical Strike
1 Bladestorm
2 Mirror Image
6 Shadow Hunter
2 Hex
3 Healing Wave
1 Big Bad Voodoo
5 Pit Lord
3 Rain of Fire
2 Cleaving Attack
» actions
| Assign group hotkey | 38 | |
| Basic commands | 642 | |
| Build / train | 123 | |
| ESC pressed | 8 | |
| Enter build submenu | 76 | |
| Enter hero's abilities submenu | 21 | |
| Give item / drop item | 7 | |
| Right click | 4175 | |
| Select / deselect | 1768 | |
| Select group hotkey | 1337 | |
| Use ability | 710 | |
8908 total
» units
| Peon | 29 | |
| Troll Batrider | 35 | |
| Goblin Shredder | 1 | |
| Goblin Zeppelin | 1 | |
| Wind Rider | 5 | |
71 total
» upgrades
| Liquid Fire | 1 | |
| Reinforced Defenses | 1 | |
| Ranged Weapons | 3 | |
| Armor | 3 | |
| Envenomed Spears | 1 | |
9 total
» buildings
| Altar of Storms | 1 | |
| War Mill | 1 | |
| Orc Burrow | 5 | |
| Voodoo Lounge | 4 | |
| Watch Tower | 54 | |
| Stronghold | 1 | |
| Great Hall | 3 | |
| Beastiary | 3 | |
| Fortress | 1 | |
73 total
» build order
00:25 Altar of Storms
00:41 War Mill
00:55 Orc Burrow
01:29 Voodoo Lounge
02:15 Orc Burrow
02:33 Watch Tower
03:13 Watch Tower
03:54 Stronghold
04:00 Watch Tower
04:32 Watch Tower
05:03 Watch Tower
05:08 Watch Tower
05:38 Watch Tower
05:48 Watch Tower
05:52 Watch Tower
06:01 Great Hall
06:12 Watch Tower
06:33 Beastiary
07:02 Beastiary
07:07 Watch Tower
07:45 Orc Burrow
09:21 Watch Tower
09:25 Watch Tower
09:45 Great Hall
10:31 Watch Tower
10:33 Watch Tower
11:18 Fortress
11:39 Watch Tower
11:41 Watch Tower
13:35 Watch Tower
14:15 Watch Tower
14:17 Watch Tower
14:56 Watch Tower
15:51 Beastiary
15:54 Watch Tower
15:56 Watch Tower
16:06 Watch Tower
17:07 Watch Tower
17:08 Watch Tower
17:14 Watch Tower
17:16 Orc Burrow
17:32 Watch Tower
18:19 Watch Tower
18:23 Watch Tower
18:39 Orc Burrow
19:50 Watch Tower
19:51 Watch Tower
19:53 Watch Tower
20:45 Watch Tower
20:56 Watch Tower
21:00 Watch Tower
21:02 Watch Tower
21:25 Watch Tower
22:06 Watch Tower
22:07 Watch Tower
23:03 Watch Tower
23:16 Watch Tower
23:20 Watch Tower
24:55 Watch Tower
24:57 Watch Tower
25:09 Watch Tower
28:04 Watch Tower
28:08 Voodoo Lounge
32:19 Watch Tower
39:25 Watch Tower
39:27 Watch Tower
39:34 Great Hall
39:37 Watch Tower
39:40 Watch Tower
39:49 Watch Tower
40:00 Watch Tower
44:55 Voodoo Lounge
55:57 Voodoo Lounge
» items
| Healing Salve | 3 | |
| Lesser Clarity Potion | 1 | |
| Staff of Teleportation | 3 | |
| Scroll of Town Portal | 3 | |
| Orb of Lightning | 2 | |
| Tiny Great Hall | 1 | |
| Boots of Speed | 2 | |
15 total
Mr.Wookums (
green | 47 APM | 5975 actions | 126:11)
7 Archmage
3 Blizzard
3 Brilliance Aura
1 Mass Teleport
8 Mountain King
3 Storm Bolt
3 Bash
1 Avatar
1 Thunder Clap
6 Paladin
3 Holy Light
3 Divine Shield
» actions
| Assign group hotkey | 42 | |
| Basic commands | 48 | |
| Build / train | 147 | |
| Enter build submenu | 38 | |
| Enter hero's abilities submenu | 21 | |
| Give item / drop item | 7 | |
| Remove unit from queue | 4 | |
| Right click | 3664 | |
| Select / deselect | 1176 | |
| Select group hotkey | 360 | |
| Use ability | 468 | |
5975 total
» units
| Peasant | 14 | |
| Footman | 6 | |
| Goblin Shredder | 1 | |
| Goblin Zeppelin | 5 | |
| Dragonhawk Rider | 19 | |
| Mortar Team | 1 | |
| Gryphon Rider | 4 | |
50 total
» upgrades
| Masonry | 3 | |
| Animal War Training | 1 | |
| Armor | 3 | |
| Cloud | 1 | |
| Magic Sentry | 1 | |
| Swords | 3 | |
| Storm Hammers | 1 | |
13 total
» buildings
| Barracks | 1 | |
| Altar of Kings | 1 | |
| Farm | 10 | |
| Lumber Mill | 1 | |
| Scout Tower | 76 | |
| Guard Tower | 30 | |
| Arcane Vault | 3 | |
| Keep | 1 | |
| Castle | 1 | |
| Town Hall | 3 | |
| Gryphon Aviary | 2 | |
| Blacksmith | 1 | |
| Workshop | 1 | |
| Arcane Sanctum | 1 | |
132 total
» build order
00:09 Barracks
00:16 Altar of Kings
00:24 Farm
00:28 Farm
01:26 Lumber Mill
01:45 Scout Tower
01:47 Scout Tower
02:11 Scout Tower
02:11 Scout Tower
02:59 Guard Tower
03:08 Arcane Vault
03:49 Guard Tower
03:52 Scout Tower
03:53 Scout Tower
03:59 Farm
04:00 Farm
05:04 Keep
05:09 Guard Tower
05:11 Scout Tower
05:13 Scout Tower
05:14 Scout Tower
05:15 Scout Tower
05:32 Guard Tower
06:31 Guard Tower
07:40 Guard Tower
08:22 Scout Tower
08:23 Scout Tower
08:24 Scout Tower
08:25 Scout Tower
08:26 Scout Tower
08:26 Scout Tower
08:30 Scout Tower
08:32 Scout Tower
08:33 Scout Tower
08:34 Scout Tower
08:34 Scout Tower
08:45 Castle
10:05 Town Hall
10:15 Guard Tower
10:19 Guard Tower
11:25 Gryphon Aviary
11:27 Gryphon Aviary
11:29 Guard Tower
11:31 Guard Tower
11:34 Guard Tower
11:42 Blacksmith
14:07 Farm
14:08 Farm
15:27 Farm
15:27 Farm
16:47 Farm
17:00 Workshop
18:35 Guard Tower
18:41 Scout Tower
18:42 Scout Tower
18:43 Scout Tower
18:45 Scout Tower
18:47 Scout Tower
18:48 Scout Tower
19:14 Guard Tower
19:16 Guard Tower
20:31 Guard Tower
21:07 Town Hall
21:14 Scout Tower
21:15 Scout Tower
21:15 Scout Tower
21:17 Scout Tower
21:17 Scout Tower
21:18 Scout Tower
21:19 Scout Tower
21:20 Scout Tower
21:23 Scout Tower
21:24 Scout Tower
21:25 Scout Tower
21:28 Scout Tower
21:30 Scout Tower
22:47 Guard Tower
24:33 Guard Tower
24:33 Guard Tower
28:19 Arcane Vault
29:46 Scout Tower
29:47 Scout Tower
33:02 Town Hall
33:17 Scout Tower
33:17 Scout Tower
33:18 Scout Tower
33:19 Scout Tower
33:19 Scout Tower
33:20 Scout Tower
33:21 Scout Tower
33:22 Scout Tower
33:23 Scout Tower
33:24 Scout Tower
33:26 Scout Tower
33:26 Scout Tower
33:27 Scout Tower
33:28 Scout Tower
33:57 Guard Tower
34:27 Guard Tower
34:54 Arcane Sanctum
35:28 Guard Tower
35:32 Scout Tower
35:33 Scout Tower
35:35 Scout Tower
35:36 Scout Tower
35:37 Scout Tower
35:38 Scout Tower
35:39 Scout Tower
35:40 Scout Tower
36:41 Guard Tower
37:23 Guard Tower
38:02 Guard Tower
39:40 Scout Tower
39:41 Scout Tower
39:42 Scout Tower
39:42 Scout Tower
39:44 Scout Tower
39:44 Scout Tower
39:47 Scout Tower
39:48 Scout Tower
40:10 Guard Tower
40:34 Guard Tower
41:00 Guard Tower
41:01 Guard Tower
41:57 Guard Tower
42:00 Scout Tower
42:01 Scout Tower
44:04 Guard Tower
44:17 Arcane Vault
» items
| Scroll of Regeneration | 3 | |
| Ivory Tower | 5 | |
| Staff of Sanctuary | 2 | |
| Scroll of Town Portal | 3 | |
| Boots of Speed | 1 | |
| Staff of Teleportation | 2 | |
| Potion of Lesser Invulnerability | 1 | |
| Ancient Janggo of Endurance | 1 | |
| Pendant of Energy | 1 | |
| Orb of Lightning | 2 | |
| Potion of Healing | 1 | |
22 total
Chat log
(00:04 / All) ayn-m00k: SRSLY
(00:04 / All) PURE-: than you
(00:13 / All) GOKUMaN69: FCUK YOU
(00:22 / All) PURE-: o FUCK YOU
(00:28 / All) GOKUMaN69: Ö
(00:30 / All) FINeX: actually the 100 dollar laptops have basic onboard video that cannot run warcraft or use direct3d shaders
(00:33 / All) ayn-m00k: fich dich
(00:43 / All) Iceberg-Slim: ry i am in korea
(00:47 / All) ayn-m00k: YEARLY
(00:49 / All) ayn-m00k: YARLY
(00:57 / All) FINeX: he is in korea
(01:01 / All) PURE-: host it
(01:02 / All) PURE-: go
(01:08 / All) GOKUMaN69: quit
(01:19 / All) PURE-: thats a cool name u have
(01:22 / All) PURE-: gokuman69
(01:24 / All) ayn-m00k: I AM
(01:26 / All) ayn-m00k: SUPA SAYIN
(01:27 / All) ayn-m00k: LOL
(01:32 / All) PURE-: nice
(06:42 / All) ayn-m00k: LOLOLOL SERIOUS BUSINESS
(15:51 / All) ayn-m00k: lol
(17:55 / All) GOKUMaN69: hello
(21:57 / All) PURE-: g
(23:39 / All) ayn-m00k: Smart ^^
(26:25 / All) ayn-m00k: yeah we can't 2v4 this
(26:30 / All) ayn-m00k: er
(26:30 / All) ayn-m00k: rar
(26:31 / All) GOKUMaN69: Gg then
(26:37 / All) ayn-m00k: No
(26:38 / All) ayn-m00k: you.
(29:30 / All) GOKUMaN69: welp
(31:31 / All) ayn-m00k: Sigh
(31:39 / All) GayTiMe.WeRRa: protocock noobs
(31:41 / All) GayTiMe.WeRRa: protocock noobs
(31:45 / All) Iceberg-Slim: manner up please.....
(31:51 / All) ayn-m00k: MANNAR
(31:57 / All) FINeX: says wyv feed noobs
(32:05 / All) GayTiMe.WeRRa: towers > wyv
(36:52 / All) ayn-m00k: LOL
(36:55 / All) ayn-m00k: that's amazing
(37:00 / All) GOKUMaN69: what?
(37:03 / All) ayn-m00k: the one
(37:17 / All) ayn-m00k: Archer
(37:19 / All) ayn-m00k: Sorry, distracted
(44:17 / All) ayn-m00k: You guys
(44:19 / All) ayn-m00k: hate the DL
(44:20 / All) ayn-m00k: lol
(44:24 / All) GOKUMaN69: lolz
(44:29 / All) ayn-m00k: I mean
(44:30 / All) ayn-m00k: ALWAYS
(44:31 / All) ayn-m00k: down first
(44:33 / All) ayn-m00k: and i STILL
(44:36 / All) ayn-m00k: Dont get invuln pots
(44:40 / All) ayn-m00k: BECAUSE I AM STUPID AS SIN
(44:48 / All) GOKUMaN69: lol
(44:50 / All) FINeX: hey why doint u get invul pots
(44:55 / All) ayn-m00k: Going to now -_-
(44:57 / All) ayn-m00k: asshats
(45:23 / All) ayn-m00k: u guys ambush me at the shop
(45:25 / All) ayn-m00k: would be fucking
(45:27 / All) ayn-m00k: hilarious
(47:32 / All) GOKUMaN69: asshat
(49:32 / All) GOKUMaN69: guys
(49:41 / All) GOKUMaN69: we nned this win for dota
(49:48 / All) ayn-m00k: oh shiut
(49:50 / All) WarFreakz: u lose yo
(49:50 / All) ayn-m00k: kk ill alt qq
(49:57 / All) FINeX: thx for understanding
(50:09 / All) ayn-m00k: np man
(50:12 / All) ayn-m00k: dota's srs business
(50:53 / All) ayn-m00k: WOW
(50:53 / All) ayn-m00k: LMOA
(50:57 / All) ayn-m00k: WHY DIDNT U FUCKING BOLT
(50:58 / All) ayn-m00k: LMAO
(51:16 / All) Iceberg-Slim: 350 gold is a fair bit at this point
(51:23 / All) PURE-: lol
(51:23 / All) ayn-m00k: Not at 12500
(51:25 / All) GayTiMe.WeRRa: I have 4k banked
(51:26 / All) ayn-m00k: that's a pittance, sir
(51:32 / All) FINeX: i only got 9k
(51:34 / All) Iceberg-Slim: so do i
(51:39 / All) GayTiMe.WeRRa: Im sure you do
(51:40 / All) GayTiMe.WeRRa: we have
(51:43 / All) GayTiMe.WeRRa: the island expos
(51:44 / All) GayTiMe.WeRRa: you have 2
(51:46 / All) ayn-m00k: you don't have mines
(51:48 / All) ayn-m00k: sir ^^
(51:50 / All) ayn-m00k: very pro
(51:52 / All) FINeX: ive been banking whole game sir ^^
(52:01 / All) ayn-m00k: possible ^^
(52:10 / All) FINeX: 5 golden manbabies sir ^^
(52:11 / All) ayn-m00k: My panda was hurt =(
(53:20 / All) ayn-m00k: HEROES LOL
(54:08 / All) ayn-m00k: Really?
(54:12 / All) ayn-m00k: DAMNIT
(54:44 / All) ayn-m00k: he got bored ^^
(55:35 / All) ayn-m00k: lol
(55:57 / All) GOKUMaN69: why he quit?
(56:01 / All) ayn-m00k: bored
(56:01 / All) ayn-m00k: lol
(56:04 / All) ayn-m00k: don't blame him...
(58:04 / Allies) FINeX: hey guys i come to save the day
(58:06 / All) ayn-m00k: Damn
(58:07 / All) ayn-m00k: lol
(58:23 / All) GOKUMaN69: damn
(58:27 / All) FINeX: dMN
(60:18 / All) WarFreakz: LOL
(62:09 / All) PURE-: damn I lost a unit that battle
(62:16 / All) GOKUMaN69: cool
(62:18 / All) ayn-m00k: I lost a hero!
(62:21 / All) ayn-m00k: CUZ U FUCKING HATE
(62:23 / All) ayn-m00k: MY DAMN HERO
(65:40 / All) PURE-: wrong one
(66:43 / All) ayn-m00k: Really
(66:44 / All) ayn-m00k: hiding?
(66:53 / All) PURE-: can u guys be big kids and leave?
(67:03 / All) Iceberg-Slim: you have no manner, we fight to the end etc
(67:08 / All) PURE-: no manner?
(67:11 / All) PURE-: u made 10000000 towers
(67:12 / All) FINeX: ur small penis is
(67:14 / All) ayn-m00k: You had no skill -_-
(67:16 / All) FINeX: and u didnt rofl
(67:18 / All) ayn-m00k: Yup, noobs lol
(67:18 / All) Iceberg-Slim: manner up please....
(68:04 / All) GOKUMaN69: so
(68:07 / All) PURE-: so?
(68:10 / All) ayn-m00k: so?
(68:11 / All) PURE-: u can fight at twoers
(68:12 / All) PURE-: want a medal?
(68:20 / All) FINeX: there were no towers that battke
(68:22 / All) FINeX: fyi
(68:23 / All) Iceberg-Slim: there are 3 APs in that base, scan it (if you have gold left)
(68:29 / All) FINeX: unless ne towers have 1000 range
(68:31 / All) ayn-m00k: moonwells?
(68:40 / All) Iceberg-Slim: bow?
(69:24 / All) ayn-m00k: lol
(69:25 / All) GOKUMaN69: nice hero
(69:29 / All) ayn-m00k: Nice skill?
(69:33 / All) ayn-m00k: <3
(72:43 / All) PURE-: nice control..
(72:52 / All) PURE-: I guess 3 heroes is too much
(72:57 / All) Iceberg-Slim: used to dota like i said
(72:59 / All) PURE-: DOTA is more suited for you right?
(73:00 / All) PURE-: yea
(73:11 / All) PURE-: so
(73:13 / All) FINeX: need wins for dota
(73:14 / All) FINeX: plz
(73:15 / All) FINeX: quit plz
(73:19 / All) PURE-: we fight at ur towers all game
(73:22 / All) PURE-: but ur too scared
(73:27 / All) PURE-: to fight ours even when we have no units
(73:29 / All) PURE-: lol...
(73:31 / All) Mr.Wookums: yeah
(73:35 / All) FINeX: plz can u give us free win for dota
(73:36 / All) Mr.Wookums: this game will take forever if you don't leave
(73:44 / All) GOKUMaN69: need dota wins
(73:45 / All) PURE-: huh?
(73:45 / All) FINeX: plzplzplzplzplz
(73:46 / All) PURE-: afk
(73:47 / All) GOKUMaN69: drop
(74:31 / All) GOKUMaN69: why you hack?
(74:39 / All) ayn-m00k: who?
(74:42 / All) PURE-: who said I hack?
(74:46 / All) ayn-m00k: we no hack
(74:49 / All) ayn-m00k: rushack team skill ))
(74:55 / All) PURE-: it's a moral thing
(75:00 / All) PURE-: I'm willing to disc hack
(75:03 / All) GOKUMaN69: DISC HACK?
(75:05 / All) PURE-: vs people like you guys
(75:07 / All) GOKUMaN69: why?
(75:08 / All) ayn-m00k: True story
(75:12 / All) PURE-: because what you are doing
(75:13 / All) ayn-m00k: You guys are douchebags?
(75:14 / All) PURE-: is even worse
(75:16 / All) ayn-m00k: MANR KORA
(75:17 / All) GOKUMaN69: we play game
(75:17 / All) FINeX: you guys aren't
(75:18 / All) FINeX: ?
(75:21 / All) PURE-: playing game?
(75:22 / All) FINeX: "HAY LETS WYV FEED"
(75:23 / All) PURE-: you just wasted
(75:25 / All) PURE-: 2 hours of my time
(75:26 / All) Mr.Wookums: you built more towers than us
(75:28 / All) PURE-: by massing towers
(75:28 / All) ayn-m00k: In my defense
(75:29 / All) FINeX: u didnt make towers?
(75:30 / All) PURE-: in no upkeep
(75:33 / All) ayn-m00k: I massed ghouls
(75:34 / All) PURE-: we made towers in response
(75:35 / All) ayn-m00k: And you guys
(75:36 / All) PURE-: to your towers
(75:37 / All) ayn-m00k: kept killing ghouls
(75:39 / All) PURE-: you guys ruined a fun game
(75:42 / All) FINeX: cuz we KNEW u were going to wyv feed
(75:43 / All) Mr.Wookums: don't hide your bats and heros
(75:46 / All) GOKUMaN69: I had fun
(75:47 / All) FINeX: towers best defense against t2 air
(75:50 / All) PURE-: yea
(75:51 / All) PURE-: at the expense
(75:52 / All) ayn-m00k: U DONT LIKE GOOS
(75:53 / All) ayn-m00k: WTF MAN
(76:07 / All) Mr.Wookums: then have fun in a different game
(76:14 / All) Mr.Wookums: we know you are hiding shit, you were just producing in pink
(76:17 / All) PURE-: gonna play some CS
(76:17 / All) PURE-: afk
(76:20 / All) Mr.Wookums: and we arn't going to sacrafice all our air
(76:23 / All) Iceberg-Slim: you just said afk
(76:28 / All) PURE-: yea
(76:29 / All) ayn-m00k: uh
(76:29 / All) PURE-: for a piss
(76:30 / All) ayn-m00k: i'm here?
(76:31 / All) PURE-: I came back
(76:31 / All) FINeX: gonna play some Hentai 3D afk
(78:14 / All) ayn-m00k: Dota
(78:17 / All) ayn-m00k: is what comes to mind
(78:18 / All) ayn-m00k: lol
(78:34 / All) Mr.Wookums: ambush is coming to my mind
(80:16 / All) FINeX: D
(80:17 / All) ayn-m00k: A
(80:21 / All) WarFreakz: d
(80:25 / All) ayn-m00k: seventeen?
(80:28 / All) ayn-m00k: I don't get it -_-
(81:05 / All) GOKUMaN69: fun game
(81:08 / All) GOKUMaN69: rematch?
(81:15 / All) ayn-m00k: sure, i have 3 hours to spare -_-
(81:19 / All) FINeX: so wait didnt u guys say we lost :(
(81:27 / All) ayn-m00k: oh
(81:28 / All) ayn-m00k: you lost.
(81:29 / All) ayn-m00k: lol
(81:37 / All) GOKUMaN69: why disc?
(81:40 / All) Mr.Wookums: discs are still fun
(81:41 / All) ayn-m00k: we love you?
(82:20 / All) FINeX: zeps
(82:25 / All) FINeX: we don't need no stinkin zeps
(83:13 / All) PURE-: thats my last unit
(83:13 / All) PURE-: dont
(83:18 / All) PURE-: jerk
(83:18 / All) FINeX: we no u got dudes
(83:22 / All) ayn-m00k: LOL
(83:26 / All) ayn-m00k: I HAS DUDES
(83:26 / All) ayn-m00k: DUDE
(83:27 / All) ayn-m00k: lol
(83:48 / All) GOKUMaN69: doods in yo base
(83:50 / All) Mr.Wookums: if your gold claims wern't false you should have 3 100 food armies
(83:55 / All) ayn-m00k: WTF PORTAL
(83:56 / All) ayn-m00k: OMFG
(83:58 / All) ayn-m00k: GHEY
(84:03 / All) ayn-m00k: We have
(84:06 / All) ayn-m00k: an afk player
(84:08 / All) ayn-m00k: A gina
(84:10 / All) ayn-m00k: and me and pure
(84:14 / All) ayn-m00k: so only two armies
(84:26 / All) GOKUMaN69: just quit man
(84:30 / All) GOKUMaN69: it was fun
(86:12 / All) Iceberg-Slim: Fire n Ice
(89:48 / All) FINeX: u guys can only fite a t towers
(89:53 / All) ayn-m00k: lol
(89:56 / All) PURE-: I know
(89:57 / All) ayn-m00k: sound familiar?
(90:06 / All) PURE-: should have brouhgt ur griffs I guess
(90:25 / All) GOKUMaN69: damn sun
(93:39 / All) Iceberg-Slim: woops
(93:45 / All) ayn-m00k: wasn't watching ^^
(96:44 / Allies) FINeX: jo n
(96:51 / Allies) FINeX: wut happenm
(102:15 / Allies) FINeX: someone incluide my chim in their control group so i can focus on warden
(103:45 / All) GOKUMaN69: hey guys
(104:33 / All) GOKUMaN69: how you doin?
(108:19 / All) FINeX: u gonna take that'
(108:28 / All) FINeX: we insultin u
(108:32 / All) ayn-m00k: no u
(109:46 / All) GOKUMaN69: you guys gonna fight?
(109:51 / All) PURE-: no
(109:54 / All) PURE-: eating
(109:59 / All) ayn-m00k: bissy
(110:01 / All) ayn-m00k: pizza ^^
(110:01 / All) FINeX: me 2
(110:03 / All) FINeX: im eating dix
(110:05 / All) FINeX: e;fb
(110:06 / All) ayn-m00k: pizza's better imho
(110:27 / All) PURE-: man u guys went through a lot of work to win 4 on 2
(110:35 / All) ayn-m00k: Seriously
(110:35 / All) Iceberg-Slim: we know
(110:36 / All) GOKUMaN69: yeah
(110:40 / All) Mr.Wookums: havn't won yet
(110:42 / All) GOKUMaN69: you guys awesome
(110:45 / All) GOKUMaN69: now quit please
(110:46 / All) PURE-: thx
(110:48 / All) FINeX: awesome tasting
(110:50 / All) FINeX: like my dick
(111:05 / All) PURE-: wtf
(111:10 / All) PURE-: are u guys scared of 12 towers?
(111:13 / All) ayn-m00k: hacks?
(111:14 / All) Mr.Wookums: ya
(111:27 / All) GOKUMaN69: fight at mid
(111:29 / All) GOKUMaN69: be men
(111:29 / All) FINeX: is there nice things in that zep
(111:31 / All) ayn-m00k: nah
(111:41 / All) PURE-: griffs have higher hp
(111:44 / All) PURE-: than wyverns
(111:44 / All) WarFreakz: we have pussies
(111:47 / All) PURE-: so they recover at a faster rate
(111:51 / All) PURE-: that would not be wise
(111:52 / All) WarFreakz: yo
(112:03 / All) GOKUMaN69: WHERE DO YOU WANT 2 FIGHT?
(112:06 / All) FINeX: i have a bigger dick so i recover at a faster rate than u
(112:08 / All) ayn-m00k: West side.
(112:11 / All) PURE-: right outside our base
(112:13 / All) ayn-m00k: Why recover?
(112:17 / All) ayn-m00k: I go all night, sir
(112:21 / All) PURE-: the shallow water
(113:06 / All) PURE-: u rdy for this
(113:10 / All) ayn-m00k: OH YEHA
(113:11 / All) ayn-m00k: lol
(116:56 / All) GOKUMaN69: that was a fun fite
(116:59 / All) GOKUMaN69: gl
(117:00 / All) ayn-m00k: fight*
(117:02 / All) ayn-m00k: GL.*
(117:04 / All) PURE-: yea u only had 200 more food
(117:15 / All) FINeX: we had like 30 food each scrub
(117:18 / All) ayn-m00k: Viel glüch, schießkaufen~
(117:20 / All) PURE-: yea
(117:22 / All) ayn-m00k: um
(117:23 / All) PURE-: 20 griffons is 30
(117:26 / All) ayn-m00k: yeah
(117:26 / All) ayn-m00k: LOL
(117:28 / All) FINeX: i can put things into google translator too
(117:29 / All) ayn-m00k: Math that.
(117:33 / All) ayn-m00k: yeah
(117:34 / All) FINeX: each
(117:35 / All) FINeX: each
(117:36 / All) FINeX: each
(117:37 / All) ayn-m00k: Because I alt tabbed
(117:39 / All) FINeX: english that
(117:39 / All) PURE-: w/e
(117:53 / All) ayn-m00k: purges the hex?
(117:57 / All) ayn-m00k: interesting to know..
(118:03 / All) Iceberg-Slim: gg
(118:07 / All) GOKUMaN69: gl hf
(118:16 / All) Mr.Wookums: just waitin for voodoo
(118:21 / All) FINeX: "why dont u be big boys and leave"
(118:28 / All) ayn-m00k: same reason you didn't
(118:29 / All) ayn-m00k: lol
(118:33 / All) FINeX: u have 0% chance of win
(118:37 / All) ayn-m00k: Nah
(118:40 / All) ayn-m00k: it's not pure zero
(118:43 / All) ayn-m00k: it never is
(118:47 / All) FINeX: yes it is pure zero
(118:48 / All) ayn-m00k: until the 'defeat' screen
(118:52 / All) FINeX: cuz u have no way
(118:55 / All) FINeX: to take out our bases
(118:56 / All) ayn-m00k: You obviously didn't include the chaos factor
(119:01 / All) ayn-m00k: I have
(119:02 / All) Mr.Wookums: naw, now that he's the last one left
(119:03 / All) ayn-m00k: an acolyte
(119:04 / All) ayn-m00k: a peon
(119:05 / All) ayn-m00k: and a panda
(119:07 / All) Mr.Wookums: he can disc us alone
(119:10 / All) ayn-m00k: that's (1) amazing sex
(119:13 / All) ayn-m00k: and (2)
(119:16 / All) ayn-m00k: a demolition derby
(119:29 / All) FINeX: unless we suddenly run all of our shit into your towers and die
(119:41 / All) ayn-m00k: Possibly
(119:51 / All) FINeX: we've done the first part
(119:53 / All) FINeX: second is a bit iffy
(119:55 / All) ayn-m00k: wow
(121:04 / All) GOKUMaN69: why no quit?
(121:09 / All) ayn-m00k: why no tower?
(121:14 / All) Iceberg-Slim: we did lmao
(121:16 / All) FINeX: u had more than us rofl
(121:22 / All) GOKUMaN69: lol
(121:32 / All) ayn-m00k: skill!! hehehe
(123:24 / All) FINeX: lv plz
(123:30 / All) FINeX: sKrUbZ
(123:33 / All) GOKUMaN69: 1v1 please?
(124:12 / All) ayn-m00k: I'd waste any of you children in a 1v1, waste of time lmao
(124:18 / All) Iceberg-Slim: gg
(124:19 / All) Mr.Wookums: i'm 24
(124:20 / All) GOKUMaN69: 1v1?
(124:28 / All) FINeX: im 37
(124:29 / All) ayn-m00k: You act like it
(124:36 / All) Iceberg-Slim: wanna 1v1?
(124:36 / All) Mr.Wookums: i teach your eventual kids
(124:44 / All) FINeX: kids
(124:48 / All) FINeX: virgins cannot have children
(124:50 / All) FINeX: ohohohohoho
(124:57 / All) Mr.Wookums: snap
(125:01 / All) ayn-m00k: Was that even an insult?
(125:04 / All) Iceberg-Slim: gg
(125:05 / All) FINeX: yes
(125:09 / All) FINeX: i was sayin u can never get laid
(125:10 / All) Iceberg-Slim: this is why you should have manner....
(125:13 / All) Mr.Wookums: unless you are diehard catholic, yes
(125:15 / All) ayn-m00k: Can never
(125:17 / All) ayn-m00k: is a long time
(125:18 / All) ayn-m00k: Sir
(125:40 / All) FINeX: i c what u did there
(125:50 / All) ayn-m00k: I C U
(125:54 / All) ayn-m00k: HAH
(125:55 / All) FINeX: bye panda
(125:56 / All) ayn-m00k: FORTIFICATION
(125:58 / All) ayn-m00k: lol
(125:59 / All) FINeX: hf swimming lessons
(126:01 / All) ayn-m00k: gg sirs